AoeStats
← thomg42

Arabia

509844292Analyzed
1v1 RM · 5d ago on Sep 28, 2026· 40m 4s· 2 players
Game mode
Random Map
Map size
Tiny (2 player)
Population
200
Speed
Normal
Resources
Standard
Victory
Conquest
Starting age
Dark Age
Ending age
Imperial Age
RankedLock teamsTeams togetherTeam positionsShared explorationLock speedFull tech treeHidden civsTurbo modeCheats
Victory
Defeat
🇹🇷 Huns · Türkiye
894
+18
🇫🇷 Persians · France
927
-18
gokhan.tutan
6:32 Loom
9:35 Feudal Age
10:06 Double-Bit Axe
16:45 Fletching
16:57 Padded Archer Armor
17:15 Horse Collar
24:48 Castle Age
24:50 Crossbowman
25:39 Thumb Ring
26:11 Leather Archer Armor
27:04 Bodkin Arrow
31:18 Ballistics
34:40 Imperial Age
thomg42
10:07 Feudal Age
10:42 Double-Bit Axe
10:56 Horse Collar
13:55 Gold Mining
16:49 Padded Archer Armor
16:39 Fletching
17:00 Forging
19:52 Scale Barding Armor
20:33 Bloodlines
26:24 Castle Age
26:43 Crossbowman
27:28 Thumb Ring
31:28 Gold Shaft Mining
31:06 Bow Saw
30:58 Heavy Plow
31:34 Husbandry
33:29 Kamandaran
36:14 Leather Archer Armor
35:55 Bodkin Arrow
36:36 Iron Casting
36:21 Chain Barding Armor
40:36 Imperial Age
Connection lost

Rejoining the realm…

Still unreachable

The connection could not be restored.

Session expired

The server has moved on; the page needs a fresh start.